[Event "Titled Tuesday Blitz April 25 Early 2023"]
[White "Rustemov, Alexander"]
[Black "Shevtchenko, Olesya"]
[WhiteFideId "4119002"]
[BlackFideId "24131890"]
[WhiteElo "2768"]
[BlackElo "2003"]
[Result "1-0"]
[Round "08"]
[TimeControl "180+2"]
[Date "2023.04.25"]
[WhiteClock "0:01:03"]
[BlackClock "0:00:29"]

1. d4 Nf6 2. c4 e6 3. Nf3 d5 4. Nc3 c5 5. cxd5 cxd4 6. Qxd4 exd5 7. Bg5 Be7 8. e3 O-O 9. Be2 Be6 10. O-O h6 11. Bh4 Nc6 12. Qd3 Qb6 13. a3 Rfd8 14. Rfd1 Rac8 15. b4 Kf8 16. Na4 Qc7 17. Rac1 Qb8 18. Bg3 Bd6 19. Nc5 Bxg3 20. hxg3 g6 21. Nxe6+ fxe6 22. Qxg6 Ne4 23. Qxh6+ Ke7 24. Ng5 Nxg5 25. Qxg5+ Kd7 26. Bg4 Re8 27. Rxd5+ Kc7 28. Rdc5 Kb6 29. Rb5+ Kc7 30. Qg7+ 1-0


[Site "https://www.chess.com"]

[Event "Titled Tuesday Blitz April 25 Early 2023"]
[White "Ashraf, Artin"]
[Black "Safin, Robert"]
[WhiteFideId "22514805"]
[BlackFideId "34189120"]
[WhiteElo "2188"]
[BlackElo "2245"]
[Result "0-1"]
[Round "08"]
[TimeControl "180+2"]
[Date "2023.04.25"]
[WhiteClock "0:01:33"]
[BlackClock "0:01:05"]

1. Nf3 b6 2. e4 Bb7 3. Nc3 e6 4. d4 Bb4 5. Bd3 Nf6 6. Qe2 d5 7. e5 Ne4 8. Bd2 Bxc3 9. bxc3 h6 10. O-O Nd7 11. Qe1 c5 12. a4 Qc7 13. Bc1 O-O 14. Nh4 cxd4 15. cxd4 Qc3 16. Ra3 Qxd4 17. Nf3 Qc5 18. Be3 Qxa3 0-1


[Site "https://www.chess.com"]

[Event "Titled Tuesday Blitz April 25 Early 2023"]
[White "Hirneise, Jens"]
[Black "Csonka, Balazs"]
[WhiteFideId "24614734"]
[BlackFideId "742910"]
[WhiteElo "2345"]
[BlackElo "2404"]
[Result "1/2-1/2"]
[Round "08"]
[TimeControl "180+2"]
[Date "2023.04.25"]
[WhiteClock "0:00:07"]
[BlackClock "0:00:04"]

1. d4 d5 2. Nf3 Nf6 3. Bf4 c5 4. e3 Nc6 5. c3 Qb6 6. Qc1 Bf5 7. Nbd2 e6 8. Be2 h6 9. O-O Rc8 10. Nb3 c4 11. Nbd2 Qd8 12. Ne5 Bd6 13. Bg3 O-O 14. Qd1 b5 15. b4 a5 16. a3 Nxb4 17. axb4 axb4 18. cxb4 Bxb4 19. Ra6 c3 20. Nb3 c2 21. Qc1 Rc3 22. Na1 Qc8 23. Bxb5 Ne4 24. Nc6 Qb7 25. Nxb4 Qxb5 26. Naxc2 Nxg3 27. hxg3 Rxc2 28. Nxc2 Qxa6 29. Nb4 Qb5 30. Qc5 Qe2 31. Nc6 g6 32. Ne7+ Kg7 33. Nxf5+ gxf5 34. Rc1 Ra8 35. Qc2 Ra2 36. Qxe2 Rxe2 37. Kf1 Ra2 38. Rc7 1/2-1/2


[Site "https://www.chess.com"]

[Event "Titled Tuesday Blitz April 25 Early 2023"]
[White "Al-Tarboush, Ward"]
[Black "Postny, Evgeny"]
[WhiteFideId "7601450"]
[BlackFideId "2804344"]
[WhiteElo "2265"]
[BlackElo "2504"]
[Result "1-0"]
[Round "08"]
[TimeControl "180+2"]
[Date "2023.04.25"]
[WhiteClock "0:00:28"]
[BlackClock "0:00:21"]

1. d4 d5 2. Nc3 Nf6 3. Bg5 Nbd7 4. Nf3 g6 5. e3 Bg7 6. Bd3 O-O 7. O-O c5 8. Re1 b6 9. dxc5 Nxc5 10. e4 dxe4 11. Nxe4 Nfxe4 12. Bxe4 Qxd1 13. Raxd1 Nxe4 14. Rxe4 Bf5 15. Rxe7 Bxc2 16. Rdd7 a5 17. h4 Bf5 18. Rb7 Bxb2 19. Bh6 Rfb8 20. Rxf7 Be6 21. Rg7+ Bxg7 22. Rxg7+ Kh8 23. Ng5 Bxa2 24. Rxh7+ Kg8 25. Rg7+ Kh8 26. Rh7+ Kg8 27. Rg7+ Kf8 28. Rc7+ Ke8 29. Ne4 Kd8 30. Rh7 a4 31. Nd6 Ra5 32. g4 a3 33. f4 Bg8 34. Rb7 Rba8 35. Bg7 1-0


[Site "https://www.chess.com"]

[Event "Titled Tuesday Blitz April 25 Early 2023"]
[White "Leenhouts, Koen"]
[Black "Wagner, Dennis"]
[WhiteFideId "1008439"]
[BlackFideId "24650684"]
[WhiteElo "2409"]
[BlackElo "2470"]
[Result "1/2-1/2"]
[Round "08"]
[TimeControl "180+2"]
[Date "2023.04.25"]
[WhiteClock "0:00:08"]
[BlackClock "0:00:05"]

1. d4 Nf6 2. c4 e6 3. Nc3 Bb4 4. Qc2 O-O 5. Nf3 b6 6. e4 Bb7 7. e5 Ne4 8. Bd3 f5 9. exf6 Nxf6 10. Bg5 Bxf3 11. Bxh7+ Kh8 12. gxf3 Nc6 13. O-O-O Bxc3 14. bxc3 Qe7 15. Bg6 Na5 16. Bd3 Qa3+ 17. Kd2 Nh5 18. Ke2 Nf4+ 19. Bxf4 Rxf4 20. Rdg1 Raf8 21. Rg3 R8f7 22. Rhg1 Rh4 23. R1g2 Nc6 24. Qd2 Kg8 25. Rxg7+ Rxg7 26. Rxg7+ Kxg7 27. Qg5+ Kf8 28. Qf6+ Kg8 29. Qg5+ Kf8 30. Qf6+ Kg8 31. Qxh4 Qxa2+ 32. Kf1 Qd2 33. Qh7+ Kf8 34. d5 exd5 35. cxd5 Ne5 36. Qh8+ Kf7 37. Qxe5 Qxd3+ 38. Kg2 Qg6+ 39. Kf1 Qd3+ 40. Kg2 d6 41. Qe6+ Kg7 42. Qe7+ Kh6 43. Qxc7 Qxd5 44. Qxa7 Qg5+ 45. Kf1 Qc1+ 46. Kg2 Qg5+ 47. Kf1 Qc1+ 48. Kg2 Qg5+ 1/2-1/2


[Site "https://www.chess.com"]

[Event "Titled Tuesday Blitz April 25 Early 2023"]
[White "Fiorito, Francisco"]
[Black "Samunenkov, Ihor"]
[WhiteFideId "180165"]
[BlackFideId "14187086"]
[WhiteElo "2341"]
[BlackElo "2457"]
[Result "0-1"]
[Round "08"]
[TimeControl "180+2"]
[Date "2023.04.25"]
[WhiteClock "0:00:06"]
[BlackClock "0:00:05"]

1. e4 c5 2. d3 Nc6 3. g3 g6 4. Bg2 Bg7 5. f4 d6 6. Nf3 e5 7. O-O Nge7 8. Nc3 O-O 9. f5 gxf5 10. Nh4 Nd4 11. Nd5 Nxd5 12. exd5 f4 13. c3 Nf5 14. Nxf5 Bxf5 15. gxf4 Qd7 16. Qf3 Bg4 17. Qg3 Kh8 18. h3 Bf5 19. fxe5 Bxe5 20. Bf4 Rae8 21. Bxe5+ Rxe5 22. Kh2 Rg8 23. Qf3 Qe7 24. Rf2 Qh4 25. Rg1 Rg5 26. Bf1 Rxg1 27. Kxg1 Bg6 28. Kh2 Rf5 29. Qxf5 Bxf5 30. Rxf5 Kg7 31. Bg2 Qa4 32. Rf2 Qxa2 33. Be4 Qb1 34. Rg2+ Kh6 35. Rf2 Qc1 36. Rxf7 Qxb2+ 37. Kg3 Qxc3 38. Rxh7+ Kg5 39. h4+ Kf6 40. Rh6+ Ke5 41. Re6+ Kd4 42. h5 Qe1+ 43. Kg4 Qg1+ 44. Kf5 a5 45. h6 a4 46. h7 Qg7 47. Kf4 a3 48. Re8 a2 49. Ra8 Qf6+ 50. Kg4 Ke3 51. Rxa2 Qg7+ 52. Kh3 Qh6+ 53. Kg4 Qg7+ 54. Kf5 Qxh7+ 55. Ke6 Qh6+ 56. Kd7 b5 57. Rb2 b4 58. Kc6 Kd4 59. Kb5 Kc3 60. Rb1 b3 61. Ka4 b2 62. Ka3 Qf8 63. Ka4 Qa8+ 64. Kb5 Qa1 65. d4 cxd4 66. Kc6 d3 0-1


[Site "https://www.chess.com"]

[Event "Titled Tuesday Blitz April 25 Early 2023"]
[White "Spata, German"]
[Black "MKlose11"]
[WhiteFideId "113026"]
[WhiteElo "2238"]
[BlackElo "2542"]
[Result "0-1"]
[Round "08"]
[TimeControl "180+2"]
[Date "2023.04.25"]
[WhiteClock "0:01:42"]
[BlackClock "0:00:57"]

1. e4 e6 2. d3 d5 3. Nd2 Nf6 4. Ngf3 b6 5. exd5 exd5 6. d4 Bg4 7. Bd3 Be7 8. O-O O-O 9. c3 c5 10. Qc2 Nc6 11. Bf5 Bh5 12. Re1 Re8 13. Ne5 Qc7 14. Ndf3 Bd6 15. Bf4 Bxf3 16. gxf3 Nxe5 17. dxe5 Bxe5 18. Bg5 h6 19. Bxf6 Bxf6 20. Qd2 Qd6 21. Rxe8+ Rxe8 22. Re1 Rd8 23. Qe2 g6 24. Bc2 Kg7 25. Qa6 Qf4 26. Qxa7 Qd2 0-1


[Site "https://www.chess.com"]

[Event "Titled Tuesday Blitz April 25 Early 2023"]
[White "Skvortsov, Andrei"]
[Black "Pauly, Carlo"]
[WhiteFideId "24108600"]
[BlackFideId "24673269"]
[WhiteElo "2259"]
[BlackElo "2254"]
[Result "1-0"]
[Round "08"]
[TimeControl "180+2"]
[Date "2023.04.25"]
[WhiteClock "0:02:17"]
[BlackClock "0:01:52"]

1. d4 Nf6 2. Nf3 g6 3. g4 Nxg4 4. e4 d5 5. e5 c5 6. h3 Nh6 7. dxc5 Nc6 8. Bb5 Bg7 9. Nc3 e6 10. Bg5 Qc7 11. Qd2 Nf5 12. Bf4 O-O 13. O-O-O Qa5 14. a3 a6 15. Bd3 Qxc5 16. Bxf5 gxf5 17. Rdg1 Kh8 18. Rxg7 Kxg7 19. Bh6+ Kh8 20. Qg5 1-0


[Site "https://www.chess.com"]

[Event "Titled Tuesday Blitz April 25 Early 2023"]
[White "Goldin, Alexander"]
[Black "Arpita, Mukherjee"]
[WhiteFideId "2019540"]
[BlackFideId "5056403"]
[WhiteElo "2664"]
[BlackElo "2129"]
[Result "0-1"]
[Round "08"]
[TimeControl "180+2"]
[Date "2023.04.25"]
[WhiteClock "0:00:48"]
[BlackClock "0:02:00"]

1. Nf3 Nf6 2. g3 g6 3. Bg2 Bg7 4. O-O d6 5. c4 O-O 6. Nc3 e5 7. d4 Nc6 8. d5 Nb8 9. Nd2 a5 10. Rb1 Na6 11. a3 Nd7 12. e4 f5 13. exf5 gxf5 14. b4 axb4 15. axb4 e4 16. Nb5 Ne5 17. Qb3 Nd3 18. Ba3 Bd7 19. f3 Qg5 20. f4 Qh5 21. Nxe4 fxe4 22. Bxe4 Bxb5 23. cxb5 Bd4+ 24. Kg2 Qe2+ 0-1


[Site "https://www.chess.com"]

[Event "Titled Tuesday Blitz April 25 Early 2023"]
[White "Seo, Jung Min"]
[Black "Ronka, Erik"]
[WhiteFideId "1734687"]
[BlackFideId "505080"]
[WhiteElo "2468"]
[BlackElo "2264"]
[Result "1-0"]
[Round "08"]
[TimeControl "180+2"]
[Date "2023.04.25"]
[WhiteClock "0:01:38"]
[BlackClock "0:00:05"]

1. d4 d5 2. c4 c6 3. Nc3 Nf6 4. Nf3 e6 5. Bg5 dxc4 6. e4 b5 7. e5 h6 8. Bh4 g5 9. Nxg5 hxg5 10. Bxg5 Nbd7 11. exf6 Qb6 12. Be2 Bb7 13. Bf3 O-O-O 14. O-O Bh6 15. Bxh6 Rxh6 16. a4 a6 17. b3 Ne5 18. bxc4 Nxf3+ 19. Qxf3 Qxd4 20. cxb5 Rxf6 21. Qe3 cxb5 22. Qxd4 Rxd4 23. axb5 axb5 24. Nxb5 Rd2 25. Na3 Bd5 26. Rac1+ Kd7 27. Nc4 Bxc4 28. Rxc4 Ke7 29. g3 Kf8 30. h4 Rf5 31. Kg2 Kg7 32. Re4 Rc2 33. Re3 Rd2 34. Rf3 Re5 35. Ra1 Ree2 36. Ra7 Kg6 37. Raxf7 Re5 38. R3f6+ Kh5 39. Rh7+ Kg4 40. Rf4# 1-0


[Site "https://www.chess.com"]

[Event "Titled Tuesday Blitz April 25 Early 2023"]
[White "Herman, Daniel"]
[Black "Girya, Olga"]
[WhiteFideId "30935008"]
[BlackFideId "4195752"]
[WhiteElo "1897"]
[BlackElo "2263"]
[Result "0-1"]
[Round "08"]
[TimeControl "180+2"]
[Date "2023.04.25"]
[WhiteClock "0:00:14"]
[BlackClock "0:00:12"]

1. Nf3 d5 2. c4 e6 3. d4 Nf6 4. Nc3 Be7 5. Bf4 dxc4 6. e3 a6 7. Bxc4 b5 8. Bb3 Bb7 9. O-O O-O 10. Rc1 Nbd7 11. Qe2 c5 12. dxc5 Nxc5 13. Rfd1 Qa5 14. Bd6 Bxd6 15. Rxd6 b4 16. Nb1 Nxb3 17. axb3 Bd5 18. Nbd2 Rac8 19. Nc4 Qb5 20. Nfe5 Ne4 21. Rd7 Nc5 22. Ra7 Nxb3 23. Rc2 Na5 24. h4 Nxc4 0-1


[Site "https://www.chess.com"]

[Event "Titled Tuesday Blitz April 25 Early 2023"]
[White "Rodchenkov, Sergey D."]
[Black "Manukyan, Sargis A."]
[WhiteFideId "4168712"]
[BlackFideId "13303970"]
[WhiteElo "2277"]
[BlackElo "2187"]
[Result "0-1"]
[Round "08"]
[TimeControl "180+2"]
[Date "2023.04.25"]
[WhiteClock "0:00:05"]
[BlackClock "0:01:32"]

1. e4 c5 2. Nf3 d6 3. d4 cxd4 4. Nxd4 Nf6 5. Nc3 g6 6. Be3 Bg7 7. f3 O-O 8. Qd2 Nc6 9. O-O-O d5 10. exd5 Nxd5 11. Nxc6 bxc6 12. Bd4 e5 13. Bc5 Be6 14. Ne4 Re8 15. h4 h6 16. Bc4 Qc7 17. Qf2 Red8 18. h5 g5 19. g4 Nf4 20. Bxe6 Nxe6 21. Be3 Rd5 22. c4 Rd4 23. Bxd4 exd4 24. Qh2 Nf4 25. Kb1 Rb8 26. Nc5 d3 27. Rd2 Qe5 28. Nxd3 Nxd3 29. Qxe5 Nxe5 30. b3 Nxc4 31. Re2 Ne5 32. Rc1 Nxf3 33. Rec2 Nd4 34. Rf2 a5 35. Rcf1 Rb7 36. Kc1 a4 37. bxa4 Ra7 38. a3 f6 39. Rb2 Rxa4 40. Rb8+ Kh7 41. Kb2 f5 42. Ka2 f4 43. Rb7 Nb5 44. Re1 Rxa3+ 45. Kb1 Ra1+ 46. Kc2 Rxe1 47. Rd7 0-1


[Site "https://www.chess.com"]

[Event "Titled Tuesday Blitz April 25 Early 2023"]
[White "Bryant, John Daniel"]
[Black "Reprintsev, Alexander"]
[WhiteFideId "2031280"]
[BlackFideId "14100541"]
[WhiteElo "2455"]
[BlackElo "2211"]
[Result "0-1"]
[Round "08"]
[TimeControl "180+2"]
[Date "2023.04.25"]
[WhiteClock "0:00:01"]
[BlackClock "0:01:21"]

1. e4 e5 2. Nf3 Nc6 3. d4 exd4 4. Nxd4 Nf6 5. Nxc6 bxc6 6. e5 Nd5 7. c4 Bb4+ 8. Bd2 Bxd2+ 9. Qxd2 Ne7 10. Bd3 d6 11. exd6 cxd6 12. Nc3 O-O 13. O-O Be6 14. Rfe1 Re8 15. Re2 d5 16. c5 Rb8 17. a3 a5 18. Rae1 Qc7 19. h4 h6 20. Na4 Kf8 21. Bb1 Ng8 22. Nb6 Qe7 23. Qd4 Qf6 24. Qxf6 Nxf6 25. b4 axb4 26. axb4 Re7 27. Bc2 Ra7 28. Bb3 Ra3 29. Bc2 Rb7 30. f3 Rba7 31. Kf2 Rc3 32. Rd1 Ra2 33. Rdd2 Rb2 0-1


[Site "https://www.chess.com"]

[Event "Titled Tuesday Blitz April 25 Early 2023"]
[White "Kucuksari, Kaan"]
[Black "Camacho Collados, Jose"]
[WhiteFideId "6380166"]
[BlackFideId "2265427"]
[WhiteElo "2364"]
[BlackElo "2198"]
[Result "1-0"]
[Round "08"]
[TimeControl "180+2"]
[Date "2023.04.25"]
[WhiteClock "0:00:19"]
[BlackClock "0:00:07"]

1. e4 b6 2. d4 Bb7 3. Bd3 e6 4. Nf3 d5 5. e5 Ba6 6. Bxa6 Nxa6 7. O-O c5 8. c3 Qd7 9. a4 Ne7 10. a5 Nc6 11. Be3 Be7 12. Qe2 c4 13. b4 Nc7 14. axb6 axb6 15. Rxa8+ Nxa8 16. h4 Qa7 17. h5 h6 18. b5 Na5 19. Nh2 Nb3 20. Nd2 Nc7 21. Nxb3 cxb3 22. Rb1 Qa3 23. Nf1 Kd7 24. Nd2 b2 25. Nf1 Qxc3 26. Rxb2 Ra8 27. Rc2 Qb3 28. Rc6 Ra1 29. Rxb6 Rb1 30. Kh2 Qc4 31. Qxc4 dxc4 32. Nd2 Rb4 33. Rc6 Rxb5 34. Rxc4 f6 35. Ne4 Nd5 36. exf6 Bxf6 37. Nc5+ Kd6 38. Ra4 e5 39. Ra6+ Rb6 40. dxe5+ Bxe5+ 41. Kh3 Rxa6 42. Nxa6 Nxe3 43. fxe3 Kd5 44. Kg4 Ke4 45. Nc5+ Kxe3 46. Kf5 Bc3 47. g4 Kf3 48. Ne6 Kg3 49. Nf4 Kh4 50. Ng2+ Kg3 51. Ne3 Kh4 52. Nc4 Bb2 53. Nxb2 Kg3 54. Nd3 Kh4 55. Nf4 Kg3 56. Ne6 g5 57. hxg6 h5 58. gxh5 1-0


[Site "https://www.chess.com"]

[Event "Titled Tuesday Blitz April 25 Early 2023"]
[White "Bruedigam, Martin"]
[Black "Bilan, Danila"]
[WhiteFideId "24608033"]
[BlackFideId "24161918"]
[WhiteElo "2331"]
[BlackElo "2182"]
[Result "1/2-1/2"]
[Round "08"]
[TimeControl "180+2"]
[Date "2023.04.25"]
[WhiteClock "0:00:07"]
[BlackClock "0:00:04"]

1. d4 d5 2. c4 c6 3. Nc3 Nf6 4. cxd5 cxd5 5. Bf4 a6 6. e3 Nc6 7. Bd3 Bg4 8. Nge2 e6 9. O-O Bd6 10. Qb3 Na5 11. Qa4+ b5 12. Qc2 Rc8 13. a3 Bh5 14. Bxd6 Qxd6 15. Nf4 Bg6 16. Qe2 O-O 17. Nxg6 hxg6 18. Rac1 Rc7 19. Bxb5 Rxc3 20. Rxc3 axb5 21. Qxb5 Nc4 22. b3 Rb8 23. Qc5 Qxc5 24. dxc5 Nxa3 25. Ra1 Nb5 26. Rc2 Nc7 27. Ra7 Rxb3 28. f3 Nfe8 29. h4 Kf8 30. Kf2 Ke7 31. g4 Kd7 32. g5 Kc6 33. Ra1 Rb5 34. Rh1 Na6 35. h5 gxh5 36. Rxh5 Rxc5 37. Ra2 Nac7 38. Rh8 Kd7 39. Ra7 Ke7 40. Kg3 Rc6 41. f4 Rc3 42. Kf2 Rc2+ 43. Kf3 Rc3 44. Kf2 Rc6 45. Rb7 Rd6 46. Rb8 Rd7 47. Rg8 g6 48. Rh8 Nd6 49. Rbg8 Nf5 50. Rc8 d4 51. e4 Ne3 52. Kf3 Nc4 53. Rh7 Kd6 54. Rg8 Kc6 55. Rgg7 Nd6 56. e5 Nf5 57. Rxf7 Rxf7 58. Rxf7 Nd5 59. Ke4 Kc5 60. Rf8 Nc3+ 61. Kd3 Nd5 62. Rc8+ Kb6 63. Ke4 Kb7 64. Rg8 Nc3+ 65. Kd3 Nd5 66. Ke4 Nc3+ 67. Kd3 Nd5 68. Ke4 1/2-1/2


[Site "https://www.chess.com"]

[Event "Titled Tuesday Blitz April 25 Early 2023"]
[White "Williams, Simon K"]
[Black "Devaev, Alexander"]
[WhiteFideId "404454"]
[BlackFideId "4169395"]
[WhiteElo "2468"]
[BlackElo "2204"]
[Result "1-0"]
[Round "08"]
[TimeControl "180+2"]
[Date "2023.04.25"]
[WhiteClock "0:02:17"]
[BlackClock "0:01:15"]

1. d4 Nf6 2. Bg5 Ne4 3. h4 Nxg5 4. hxg5 g6 5. e4 Bg7 6. Nf3 d6 7. Nc3 Bg4 8. Qd2 e5 9. dxe5 Bxf3 10. gxf3 dxe5 11. Qxd8+ Kxd8 12. O-O-O+ Nd7 13. Bh3 1-0


[Site "https://www.chess.com"]

[Event "Titled Tuesday Blitz April 25 Early 2023"]
[White "Garv Gaur"]
[Black "hakanazeri2"]
[WhiteFideId "45030839"]
[WhiteElo "2068"]
[BlackElo "2629"]
[Result "0-1"]
[Round "08"]
[TimeControl "180+2"]
[Date "2023.04.25"]
[WhiteClock "0:00:04"]
[BlackClock "0:00:09"]

1. Nf3 d5 2. e3 Nf6 3. b3 Bg4 4. Bb2 c6 5. Be2 Nbd7 6. d3 e6 7. Ne5 Nxe5 8. Bxe5 Bxe2 9. Qxe2 Bd6 10. Bxd6 Qxd6 11. Nd2 e5 12. e4 O-O 13. O-O Rfe8 14. Rfe1 c5 15. exd5 Qxd5 16. Nc4 e4 17. dxe4 Rxe4 18. Qf3 Rxe1+ 19. Rxe1 Qxf3 20. gxf3 Rd8 21. Re7 Rd7 22. Rxd7 Nxd7 23. Nd6 b6 24. Nc8 a6 25. Ne7+ Kf8 26. Nd5 f6 27. Kg2 Kf7 28. f4 g6 29. Kf3 Ke6 30. c4 Kd6 31. Ke4 f5+ 32. Ke3 b5 33. f3 Nf8 34. Nf6 h6 35. Ne8+ Kc6 36. Nf6 Kd6 37. Ne8+ Kd7 38. Nf6+ Ke6 39. Nd5 Kd6 40. Nf6 Ne6 41. h4 h5 42. Nh7 Ke7 43. Ng5 Nd4 44. Nh3 Nc2+ 45. Kd3 Nb4+ 46. Kd2 Nxa2 47. cxb5 axb5 48. Nf2 Nb4 49. Ke2 Kd6 50. Kd2 Nd5 51. Nd3 c4 52. bxc4 bxc4 53. Ne5 Nxf4 54. Nxc4+ Ke6 55. Ne3 Ke5 56. Ke1 Nd5 57. Ng2 f4 58. Kf2 Ne7 59. Ne1 Kd4 60. Ng2 Nd5 61. Ne1 Ke5 62. Nd3+ Kf5 63. Nc5 Ne7 64. Ne4 Ng8 65. Nd6+ Ke5 66. Nf7+ Ke6 67. Ng5+ Kd5 68. Ne4 Nh6 69. Kg2 Nf5 70. Kh3 Kd4 71. Ng5 Ke3 72. Nh7 Kxf3 73. Nf8 Ne7 74. Ne6 Ke3 75. Ng5 f3 76. Kg3 f2 77. Kg2 Ke2 78. Nh3 f1=Q+ 79. Kg3 0-1


[Site "https://www.chess.com"]

[Event "Titled Tuesday Blitz April 25 Early 2023"]
[White "Korelskiy, Egor"]
[Black "Kozin, Yuri"]
[WhiteFideId "34329064"]
[BlackFideId "4129920"]
[WhiteElo "2186"]
[BlackElo "2613"]
[Result "0-1"]
[Round "08"]
[TimeControl "180+2"]
[Date "2023.04.25"]
[WhiteClock "0:00:11"]
[BlackClock "0:00:12"]

1. e4 c5 2. Nf3 e6 3. d4 cxd4 4. Nxd4 Nf6 5. Nc3 d6 6. g4 h6 7. Bg2 Nc6 8. h3 Bd7 9. Be3 a6 10. Qe2 Qc7 11. O-O-O Rc8 12. f4 b5 13. Rhe1 Be7 14. Qf2 b4 15. Nce2 e5 16. Nf5 Bxf5 17. exf5 Na5 18. Ng3 Nc4 19. g5 hxg5 20. fxg5 Nxe3 21. Rxe3 Nh5 22. Ne4 Nf4 23. Bf1 d5 24. Ng3 d4 25. Ree1 Nxh3 26. Bxh3 Rxh3 27. Ne4 Re3 28. f6 gxf6 29. gxf6 Bf8 30. Rxe3 dxe3 31. Qe2 Qc4 32. Qxc4 Rxc4 33. Ng3 Rg4 34. Nf5 Rg2 35. Nxe3 Bh6 36. Kb1 Bxe3 37. a3 bxa3 38. Rd5 Bd4 39. bxa3 Rf2 40. Rd6 Bc5 41. Rxa6 Kd7 42. a4 Bd6 43. a5 Rxf6 44. Rb6 Rf1+ 45. Kb2 Bc5 46. Rb7+ Ke6 47. a6 Bd4+ 48. c3 Rf2+ 49. Kb3 Rf3 50. Rc7 Kd6 51. Rc8 Kd7 52. Rc4 f5 53. Kb4 Bxc3+ 54. Kb5 Bd4 55. a7 Ra3 56. Ra4 Rxa4 57. Kxa4 Bxa7 58. Kb5 Ke6 59. Kc4 f4 60. Kd3 Kf5 61. Kd2 e4 62. Ke1 Bb6 63. Kf1 f3 64. Ke1 Kf4 65. Kf1 e3 66. Ke1 Ba5+ 67. Kf1 e2+ 68. Kf2 e1=Q# 0-1


[Site "https://www.chess.com"]

[Event "Titled Tuesday Blitz April 25 Early 2023"]
[White "Golichenko, Ilija"]
[Black "Arat, Ufuk Sezen"]
[WhiteFideId "14117223"]
[BlackFideId "6309089"]
[WhiteElo "2339"]
[BlackElo "2289"]
[Result "0-1"]
[Round "08"]
[TimeControl "180+2"]
[Date "2023.04.25"]
[WhiteClock "0:00:01"]
[BlackClock "0:00:08"]

1. d4 d5 2. Nc3 Nf6 3. Bf4 g6 4. e3 Bg7 5. h4 h5 6. Nf3 O-O 7. Ne5 Nbd7 8. Be2 c6 9. O-O Nxe5 10. Bxe5 Ng4 11. Bxg7 Kxg7 12. Bxg4 Bxg4 13. f3 Bd7 14. e4 dxe4 15. fxe4 Bg4 16. Qd2 e5 17. d5 Qxh4 18. dxc6 bxc6 19. Qd6 Qg3 20. Qxc6 Qe3+ 21. Rf2 Rad8 22. Rf1 Rd2 23. Nd5 Qg5 24. Rxd2 Qxd2 25. Qf6+ Kh7 26. Qxe5 Be6 27. Nf6+ Kh6 28. b3 h4 29. Qf4+ Qxf4 30. Rxf4 g5 31. Rf2 Rd8 32. c4 g4 33. Nd5 Kg5 34. Rd2 f5 35. exf5 Bxf5 36. Kf2 Be4 37. Ke3 Re8 38. Kd4 h3 39. gxh3 g3 40. Ne3 Kf4 41. Ng2+ Kf3 42. Nh4+ Kf4 43. c5 Rd8+ 44. Kc3 Rh8 45. Ng2+ Kf3 46. Ne1+ Ke3 47. Ng2+ Bxg2 48. Rxg2 Kf3 49. Rg1 Kf2 0-1


[Site "https://www.chess.com"]

[Event "Titled Tuesday Blitz April 25 Early 2023"]
[White "Juhasz, Agoston"]
[Black "Shaik Sumer Arsh"]
[WhiteFideId "778346"]
[BlackFideId "45020000"]
[WhiteElo "2211"]
[BlackElo "2350"]
[Result "1-0"]
[Round "08"]
[TimeControl "180+2"]
[Date "2023.04.25"]
[WhiteClock "0:00:06"]
[BlackClock "0:00:10"]

1. Nf3 d5 2. d4 Nf6 3. Bf4 c5 4. e3 Nc6 5. Nbd2 Bg4 6. h3 Bh5 7. Bb5 e6 8. g4 Bg6 9. Ne5 Qb6 10. a4 a6 11. Bxc6+ bxc6 12. O-O cxd4 13. a5 Qxb2 14. Rb1 Qxc2 15. Qxc2 Bxc2 16. Rb7 Bc5 17. Rc1 d3 18. Nxd3 Bxd3 19. Rxc5 O-O 20. Rxc6 Rfc8 21. Rcc7 Rxc7 22. Bxc7 Ne4 23. Nxe4 Bxe4 24. Bb8 Bf3 25. Rb6 Kf8 26. Kh2 Ke7 27. Kg3 Be4 28. f3 Bg6 29. h4 h5 30. Kf4 hxg4 31. fxg4 Bd3 32. h5 f6 33. Rb7+ Kf8 34. g5 e5+ 35. Kg4 f5+ 36. Kh4 Be4 37. Bd6+ Ke8 38. Bxe5 d4 39. Rxg7 Bd5 40. exd4 Rc8 41. h6 Rc1 42. g6 Rh1+ 43. Kg5 f4 44. h7 f3 45. Rg8+ Ke7 46. h8=Q Rg1+ 47. Kf4 f2 48. Qf6+ Kd7 49. Rd8# 1-0


[Site "https://www.chess.com"]

[Event "Titled Tuesday Blitz April 25 Early 2023"]
[White "Garcia Almaguer, Juan Manuel"]
[Black "Sliwicka, Alicja"]
[WhiteFideId "5110491"]
[BlackFideId "1150677"]
[WhiteElo "2117"]
[BlackElo "2206"]
[Result "0-1"]
[Round "08"]
[TimeControl "180+2"]
[Date "2023.04.25"]
[WhiteClock "0:00:01"]
[BlackClock "0:00:42"]

1. e4 c5 2. Nf3 d6 3. d4 cxd4 4. Nxd4 Nf6 5. Nc3 Bd7 6. Be2 e5 7. Nb3 Bc6 8. f3 Be7 9. Nd5 Nxd5 10. exd5 Bd7 11. a4 O-O 12. Be3 f5 13. f4 Bh4+ 14. g3 Bf6 15. O-O Na6 16. c3 g5 17. fxe5 dxe5 18. Nc5 Nxc5 19. Bxc5 Re8 20. Bh5 Qc8 21. Bf2 Rd8 22. c4 Qxc4 23. Qd2 Bc6 24. Be1 Rxd5 25. Qf2 e4 26. Bc3 Bxc3 27. bxc3 Rad8 28. Qxa7 Qxc3 29. Be2 Rd2 30. Rxf5 Rxe2 31. Rxg5+ Kh8 32. Rf1 e3 33. Qb6 Rg2+ 34. Kh1 Rxg3+ 35. Qxc6 Qxc6+ 0-1


[Site "https://www.chess.com"]

[Event "Titled Tuesday Blitz April 25 Early 2023"]
[White "Odegov, Artem"]
[Black "Khamdamova, Afruza"]
[WhiteFideId "34183644"]
[BlackFideId "14210444"]
[WhiteElo "2300"]
[BlackElo "2210"]
[Result "1-0"]
[Round "08"]
[TimeControl "180+2"]
[Date "2023.04.25"]
[WhiteClock "0:00:58"]
[BlackClock "0:00:40"]

1. d4 Nf6 2. c4 e6 3. Nf3 b6 4. g3 Bb7 5. Bg2 Bb4+ 6. Bd2 Bxd2+ 7. Qxd2 O-O 8. O-O d6 9. Nc3 Nbd7 10. Rfe1 Re8 11. e4 e5 12. Rad1 Qe7 13. Nd5 Bxd5 14. exd5 Qf8 15. dxe5 dxe5 16. Qc3 Qd6 17. b4 Rad8 18. Nd2 h6 19. Nb3 Nf8 20. c5 Qe7 21. a4 Ng6 22. a5 Qd7 23. d6 cxd6 24. Rxd6 Qg4 25. Rxd8 Rxd8 26. cxb6 axb6 27. axb6 e4 28. Qc7 Rd1 29. Qc3 Rd3 30. Qc4 Ne5 31. Qc5 Nf3+ 32. Bxf3 exf3 33. b7 Qh3 34. Qc8+ 1-0


[Site "https://www.chess.com"]

[Event "Titled Tuesday Blitz April 25 Early 2023"]
[White "Estrada Nieto, Julian"]
[Black "Osinenko, Anton"]
[WhiteFideId "5101018"]
[BlackFideId "4158970"]
[WhiteElo "2161"]
[BlackElo "2294"]
[Result "0-1"]
[Round "08"]
[TimeControl "180+2"]
[Date "2023.04.25"]
[WhiteClock "0:00:05"]
[BlackClock "0:00:03"]

1. e4 c5 2. Nf3 d6 3. Bb5+ Nd7 4. d4 a6 5. Bxd7+ Bxd7 6. Nc3 cxd4 7. Qxd4 Rc8 8. O-O Nf6 9. Bg5 e6 10. Rfd1 h6 11. Bh4 Be7 12. Bxf6 gxf6 13. a4 Qc7 14. Qd2 Qc5 15. Nd4 Qh5 16. Re1 Rg8 17. Re3 Bd8 18. Kh1 Qe5 19. Rf1 Bb6 20. Rd3 Qg5 21. f4 Qa5 22. Rh3 Ke7 23. f5 Rg5 24. Rxh6 Rcg8 25. g3 Qb4 26. fxe6 fxe6 27. Rh7+ R5g7 28. Rxg7+ Rxg7 29. Nf5+ Kf7 30. Nxg7 Kxg7 31. Qf4 Bd4 32. Ne2 Be5 33. Qg4+ Kf7 34. c3 Qxa4 35. Qh5+ Ke7 36. Qh7+ Kd8 37. Nf4 Qc4 0-1


[Site "https://www.chess.com"]